AoeStats
← Morty

Arabia

508768343Analyzed
2v2 RM · 7d ago on Sep 24, 2026· 47m 28s· 4 players
Game mode
Random Map
Map size
Medium (4 player)
Population
200
Speed
Normal
Resources
Standard
Victory
Conquest
Starting age
Dark Age
Ending age
Imperial Age
RankedLock teamsTeams togetherTeam positionsShared explorationLock speedFull tech treeHidden civsTurbo modeCheats
Victory
Defeat
🇨🇴 Goths · Colombia
988
+13
🇨🇴 Mapuche · Colombia
985
+13
🇫🇷 Franks · France
939
-13
🇫🇷 Romans · France
920
-13
-ET-85-
9:31 Feudal Age
10:23 Double-Bit Axe
18:23 Castle Age
17:23 Padded Archer Armor
18:16 Fletching
19:19 Husbandry
19:35 Forging
20:26 Scale Barding Armor
23:26 Wheelbarrow
32:55 Crossbowman
33:07 Light Cavalry
41:02 Leather Archer Armor
Morty
9:39 Loom
11:41 Feudal Age
17:41 Castle Age
17:02 Double-Bit Axe
18:13 Wheelbarrow
19:49 Stone Mining
20:26 Crossbowman
25:38 Fletching
30:10 Man-at-Arms
31:04 Forging
30:55 Scale Mail Armor
31:26 Bow Saw
31:08 Gold Mining
31:46 Long Swordsman
33:15 Ballistas
33:59 Iron Casting
33:27 Squires
37:58 Horse Collar
41:16 Imperial Age
44:22 Legionary
SMosquera
2:00 Loom
10:21 Feudal Age
10:55 Double-Bit Axe
10:34 Man-at-Arms
13:03 Horse Collar
21:00 Wheelbarrow
21:02 Forging
20:54 Scale Mail Armor
23:29 Castle Age
21:49 Stone Mining
23:54 Long Swordsman
25:37 Fletching
26:22 Iron Casting
26:04 Chain Mail Armor
25:53 Squires
26:29 Anarchy
26:50 Caravan
27:25 Bow Saw
27:27 Heavy Plow
30:07 Gold Mining
36:08 Imperial Age
36:50 Hand Cart
36:21 Town Watch
37:13 Conscription
37:58 Town Patrol
38:43 Stone Shaft Mining
39:18 Two-Man Saw
39:05 Crop Rotation
39:35 Elite Huskarl
40:16 Perfusion
42:59 Blast Furnace
franvelasco_92
11:45 Feudal Age
10:01 Loom
13:25 Double-Bit Axe
17:34 Castle Age
16:13 Fletching
16:23 Padded Archer Armor
16:29 Gold Mining
16:38 Horse Collar
19:31 Bodkin Arrow
21:04 Bow Saw
22:10 Gold Shaft Mining
22:20 Gold Shaft Mining
23:18 Pikeman
25:02 Forging
24:52 Scale Mail Armor
27:31 Stone Mining
31:39 Leather Archer Armor
31:59 Iron Casting
31:25 Scale Mail Armor
43:55 Imperial Age
42:04 Wheelbarrow
41:19 Town Watch
43:12 Malon
45:12 Elite Kona
46:14 Conscription
46:09 Elite Bolas Rider
Connection lost

Rejoining the realm…

Still unreachable

The connection could not be restored.

Session expired

The server has moved on; the page needs a fresh start.